 Dungeon Crawl Stone Soup version 0.18.1-48-g4cf74bf (webtiles) character file.

889 Alarkh the Archer (level 7, -1/50 HPs)
             Began as a Mummy Hunter on Aug 8, 2016.
             Was an Initiate of Okawaru.
             Splashed by a jelly's acid (8 damage)
             ... on level 5 of the Dungeon.
             The game lasted 00:06:20 (5134 turns).

Alarkh the Archer (Mummy Hunter)                    Turns: 5134, Time: 00:06:21

Health: -1/50      AC: -2    Str: 16    XL:     7   Next: 77%
Magic:  16/16      EV:  6    Int: 12    God:    Okawaru [......]
Gold:   296        SH:  0    Dex: 12    Spells: 0 memorised, 6 levels left

rFire  x . .     SeeInvis .     b - +2 short sword (venom)
rCold  + . .     Gourm    .     c - +0 leather armour
rNeg   + + +     Faith    .     (no shield)
rPois  ∞         Spirit   .     l - +0 helmet
rElec  .         Dismiss  .     (no cloak)
rCorr  .         Reflect  .     h - +0 pair of gloves
SustAt .         Harm     .     f - +0 pair of boots (curse)
MR     .....                    (no amulet)
Stlth  ..........               o - ring of loudness (curse)
                                j - ring of magical power

@: corroded, not resistant to hostile enchantments, extremely unstealthy
A: no food or potions, fire vulnerability, cold resistance 1, negative energy
resistance 3, torment resistance, unbreathing
a: Renounce Religion


You were on level 5 of the Dungeon.
You worshipped Okawaru.
Okawaru was noncommittal.
You were not hungry.

You visited 2 branches of the dungeon, and saw 6 of its levels.

You collected 296 gold pieces.

Inventory:

Hand Weapons
 a - a +1 shortbow
 b - a +2 short sword of venom (weapon)
 d - a +0 short sword
Missiles
 q - 55 arrows
Armour
 c - a +0 leather armour (worn)
 f - a cursed +0 pair of boots (worn)
 h - a +0 pair of gloves (worn)
 l - a +0 helmet (worn)
Jewellery
 j - a ring of magical power (left hand)
 o - a cursed ring of loudness (right hand)
Scrolls
 e - 2 scrolls of teleportation
 g - 2 scrolls of immolation
 k - 2 scrolls of blinking
 m - 4 scrolls of enchant armour
 n - 2 scrolls of fear
 r - a scroll of remove curse {unknown}
 s - a scroll of recharging {unknown}
 t - a scroll of noise {unknown}
Books
 p - a book of Cantrips

   Spells                             Type                      Level
   a - Corona                         Hexes                        1
   b - Animate Skeleton               Necromancy                   1
   c - Summon Small Mammal            Summoning                    1
   d - Apportation                    Translocation                1
Miscellaneous
 u - a plain deck of wonders {the Helix}


   Skills:
 - Level 2.0 Fighting
 + Level 8.2 Bows
 - Level 1.5 Dodging
 - Level 0.7 Stealth


You had 6 spell levels left.
You didn't know any spells.

Dungeon Overview and Level Annotations

Branches:
Dungeon (5/15)             Temple (1/1) D:4

Altars:
Ashenzari
Dithmenos
Gozag
Nemelex Xobeh
Okawaru
Ru
Sif Muna
Trog
Vehumet
Xom
Yredelemnul
Zin
The Shining One


Innate Abilities, Weirdness & Mutations

You do not eat or drink.
Your flesh is vulnerable to fire.
You are immune to poison.
Your flesh is cold resistant.
You are immune to negative energy.
You are immune to unholy pain and torment.
You can survive without breathing.


Message History

A jelly comes into view.
The jelly quivers.
The orc shouts!
You hit the jelly but do no damage. The acid corrodes you!
Your hands burn!
The jelly closely misses you.
You hit the jelly but do no damage. The acid corrodes you!
Your hands burn!
The jelly hits you.
You are splashed with acid!
The acid burns!
* * * LOW HITPOINT WARNING * * *
The orc drinks a potion.
The orc goes berserk!
The orc rages.
Things that are here:
a plate armour; a flail You hear a shout!
Items here: ))) [[ a whip; a chain mail; a short sword; a flail; a ring mail
There is a stone staircase leading up here.
The jelly hits you.
* * * LOW HITPOINT WARNING * * *
You are splashed with acid!
The acid burns!
You die...

.# #.....#.###..)..#
..........#.)##.#
......#.#.#.....#
......#.#.##.##.#
##.######J.....# .#
.........#.........#
##.#####.#...#.##.##
####[#####.# #
#@Jo.......#
#)##.####### #.##.#
.....# #######


You could see a jelly and an orc (berserk).

Vanquished Creatures
  An orc warrior (D:5)
  3 ogres
  A scorpion (D:4)
  A jelly (D:5)
  2 hounds
  Jessica (D:3)
  2 iguanas
  Natasha (thrice) (D:4)
  A killer bee zombie (D:5)
  A hound skeleton (D:3)
  Robin (D:3)
  2 worker ant zombies (D:3)
  4 adders
  A shadow imp (D:5)
  2 adder zombies (D:5)
  2 oozes
  An adder skeleton (D:3)
  2 worms
  3 dart slugs
  4 giant geckos
  9 orcs
  6 giant cockroaches
  12 hobgoblins
  3 jackals (D:2)
  10 kobolds
  A quokka (D:2)
  2 ball pythons (D:3)
  7 bats
  A giant gecko skeleton (D:4)
  4 giant newts
  14 goblins
  A quokka skeleton (D:4)
  5 rats
113 creatures vanquished.

Notes
Turn   | Place    | Note
--------------------------------------------------------------
     0 | D:1      | Alarkh the Mummy Hunter began the quest for the Orb.
     0 | D:1      | Reached XP level 1. HP: 16/16 MP: 1/1
   308 | D:1      | Reached XP level 2. HP: 18/22 MP: 2/2
   777 | D:2      | Reached skill level 4 in Bows
   843 | D:2      | Reached XP level 3. HP: 25/27 MP: 3/3
  1116 | D:2      | Reached XP level 4. HP: 17/33 MP: 4/4
  1597 | D:3      | Reached skill level 5 in Bows
  1860 | D:3      | Noticed Jessica
  1866 | D:3      | Reached XP level 5. HP: 35/38 MP: 5/5
  1872 | D:3      | Killed Jessica
  1905 | D:3      | Found a glowing silver altar of Zin.
  2371 | D:3      | Noticed Robin
  2385 | D:3      | Killed Robin
  2504 | D:4      | Reached skill level 6 in Bows
  2508 | D:4      | Noticed an ogre
  2509 | D:4      | Noticed Natasha
  2746 | D:3      | Killed an ogre
  2746 | D:3      | Reached XP level 6. HP: 31/44 MP: 6/6
  3054 | D:4      | Killed Natasha
  3347 | D:4      | Noticed Natasha
  3355 | D:4      | Killed Natasha
  3355 | D:4      | Reached skill level 7 in Bows
  3358 | D:4      | Found a staircase to the Ecumenical Temple.
  3362 | Temple   | Entered the Ecumenical Temple
  3584 | Temple   | Became a worshipper of Warmaster Okawaru
  3720 | D:4      | Reached XP level 7. HP: 19/50 MP: 7/7
  3934 | D:4      | Noticed Natasha
  3946 | D:4      | Killed Natasha
  4114 | D:5      | Entered Level 5 of the Dungeon
  4769 | D:5      | Reached skill level 8 in Bows
  5134 | D:5      | Splashed by a jelly's acid

Skill      XL: |  1  2  3  4  5  6  7 |
---------------+----------------------+-----
Bows           | 4 5 6 7 8 |  8.2
Fighting       | |  2.0
Dodging        | |  1.5
Stealth        | |  0.7

Action                   |  1- 3 |  4- 6 |  7- 9 || total
-------------------------+-------+-------+-------++-------
Melee: Short sword       |    52 |   217 |   104 ||   373
 Fire: Shortbow          |    76 |     7 |    10 ||    93
  Use: Scroll            |       |     7 |       ||     7
Armor: Leather armour    |    33 |    81 |    32 ||   146
Dodge: Dodged            |    67 |   125 |    56 ||   248
